 Dungeon Crawl Stone Soup version 0.18.1-50-g88ac8fd (webtiles) character file.

235 Chiseanne the Gusty (level 5, -6/41 HPs)
             Began as a Centaur Air Elementalist on Oct 11, 2016.
             Mangled by an ogre
             ... wielding a cursed -2 giant club
              (23 damage)
             ... on level 4 of the Dungeon.
             The game lasted 00:10:18 (4958 turns).

Chiseanne the Gusty (Centaur Air Elementalist)      Turns: 4958, Time: 00:10:19

Health: -6/41      AC:  4    Str: 10    XL:     5   Next: 76%
Magic:  1/9        EV:  9    Int: 15    God:
Gold:   154        SH:  0    Dex: 10    Spells: 1 memorised, 8 levels left

rFire  . . .     SeeInvis .     a - +2 hand axe (chop)
rCold  . . .     Gourm    .     h - +0 robe
rNeg   . . .     Faith    .     (no shield)
rPois  .         Spirit   .     (no helmet)
rElec  .         Dismiss  .     (no cloak)
rCorr  .         Reflect  .     (no gloves)
SustAt .         Harm     .     (no barding)
MR     +....                    (no amulet)
Stlth  +.........               (no ring)
                                p - ring of protection from magic

@: very quick, somewhat resistant to hostile enchantments, very unstealthy
A: hooves 3, deformed body, speed 2, tough skin 3
a: no special abilities


You were on level 4 of the Dungeon.
You were not hungry.

You visited 1 branch of the dungeon, and saw 4 of its levels.

You collected 154 gold pieces.

Inventory:

Hand Weapons
 a - a +2 hand axe of chopping (weapon)
 s - a +4 club
Missiles
 e - 26 bolts
 g - 67 arrows
 l - 81 stones (quivered)
 m - 2 tomahawks
 o - 57 sling bullets
Armour
 h - a +0 robe (worn)
Jewellery
 p - a ring of protection from magic (left hand)
Scrolls
 d - 2 scrolls of remove curse
 n - 2 scrolls of teleportation
Potions
 f - a potion of degeneration {unknown}
 i - a potion of heal wounds
 k - a potion of cure mutation
 q - 3 potions of curing
 r - a potion of ambrosia {unknown}
 t - a potion of mutation {unknown}
 w - a potion of beneficial mutation {unknown}
Books
 b - a book of Air

   Spells                             Type                      Level
   a - Shock                          Conjuration/Air              1
   b - Swiftness                      Charms/Air                   2
   c - Repel Missiles                 Charms/Air                   2
   d - Static Discharge               Conjuration/Air              3
   e - Lightning Bolt                 Conjuration/Air              5
Comestibles
 c - 2 bread rations
 j - 2 beef jerkies
 u - 4 chunks of flesh
 v - a meat ration


   Skills:
 * Level 1.9 Fighting
 - Level 1.3 Dodging
 - Level 1.2 Stealth
 * Level 2.9 Spellcasting
 * Level 2.7 Conjurations
 * Level 3.7 Air Magic


You had 8 spell levels left.
You knew the following spells:

 Your Spells              Type           Power        Failure   Level  Hunger
a - Shock                 Conj/Air       ##..         8%          1    #......


Dungeon Overview and Level Annotations

Branches:
Dungeon (4/15)
 Temple: D:4-7

Altars:

Annotations:
D:3 jombi's ghost, amateur TeFE


Innate Abilities, Weirdness & Mutations

You have hooves in place of feet.
Armour fits poorly on your strangely shaped body.
You cover ground very quickly.
You have extremely tough skin (AC +3).


Message History

The ogre closely misses you.
Casting: Shock
Confirm with . or Enter, or press ? or * to list all spells.
Aiming: Shock
Press: ? - help, Shift-Dir - straight line, f/p - ogre
Aim: an ogre, wielding a giant club (heavily wounded)
The zap hits the ogre.
The ogre is severely wounded.
The ogre hits you with a giant club!!
Ouch! That really hurt!
Casting: Shock
Confirm with . or Enter, or press ? or * to list all spells.
Aiming: Shock
Press: ? - help, Shift-Dir - straight line, f/p - ogre
Aim: an ogre, wielding a giant club (severely wounded)
The zap hits the ogre.
The ogre is almost dead.
The ogre hits you with a giant club!!
Ouch! That really hurt!
You die...

#....#......#.....
###'##......#...##
#######..##.....#...##
#.........'.....#....#
#.........#.....#....'
#.........#.....'...##
####.##..##.....#...##
####
#.#####......#.....
...#
#.@...#......#.....
...#...
#.O...#......#...##
...#...
#.....#......######
...#..# #.....#......#
# ...#..#
##...##......# #
...#..## #...#.......#
# ...#...#
....#.......# ##
...#...# ....#.......#
#. ...'...# #.......#
##


You could see an ogre.

Vanquished Creatures
  A scorpion (D:4)
  An orc wizard (D:3)
  Ijyb (D:3)
  A hound zombie (D:4)
  3 gnolls (D:4)
  An adder (D:3)
  An ooze (D:1)
  A worm (D:1)
  A giant gecko (D:3)
  4 orcs
  2 giant cockroaches (D:1)
  9 goblins
  9 hobgoblins
  6 jackals (D:1)
  4 kobolds
  2 ball pythons (D:4)
  7 bats
  A giant gecko skeleton (D:4)
  5 giant newts
  A jackal skeleton (D:4)
  A quokka skeleton (D:4)
  A quokka zombie (D:4)
  9 rats
72 creatures vanquished.

Notes
Turn   | Place    | Note
--------------------------------------------------------------
     0 | D:1      | Chiseanne the Centaur Air Elementalist began the quest for the Orb.
     0 | D:1      | Reached XP level 1. HP: 14/14 MP: 3/3
    42 | D:1      | Reached skill level 1 in Conjurations
   216 | D:1      | Reached XP level 2. HP: 5/20 MP: 1/4
   612 | D:1      | Reached skill level 3 in Air Magic
  1219 | D:1      | Reached XP level 3. HP: 26/26 MP: 3/6
  2592 | D:3      | Noticed jombi's ghost (amateur TeFE)
  2613 | D:3      | Noticed Ijyb
  2656 | D:3      | Killed Ijyb
  2656 | D:3      | Reached XP level 4. HP: 12/34 MP: 1/7
  3668 | D:3      | Reached skill level 1 in Fighting
  4177 | D:4      | Reached XP level 5. HP: 38/40 MP: 8/8
  4950 | D:4      | Noticed an ogre
  4958 | D:4      | Mangled by an ogre

Skill      XL: |  1  2  3  4 |
---------------+-------------+-----
Conjurations   | 1 2 |  2.7
Air Magic      | 3 |  3.7
Spellcasting   | 2 |  2.9
Fighting       | 1 |  1.9
Dodging        | |  1.3
Stealth        | |  1.2

Action                   |  1- 3 |  4- 6 || total
-------------------------+-------+-------++-------
Melee: Hand axe          |    54 |    10 ||    64
       Club              |     1 |     2 ||     3
       Unarmed           |     1 |       ||     1
       Kick              |     7 |     3 ||    10
 Cast: Shock             |    98 |    88 ||   186
  Use: Scroll            |     6 |     2 ||     8
       Potion            |     3 |       ||     3
  Eat: Chunk             |     6 |     7 ||    13
Armor: Robe              |    21 |    15 ||    36
Dodge: Dodged            |    44 |    16 ||    60
